 Dungeon Crawl Stone Soup version 0.28-a0-32-g8dfe7f97f6 (webtiles) character file.

Game seed: 18400647009593097318

34 sanka the Insei (level 3, 0/25 HPs)
             Began as a Vampire Transmuter on July 27, 2021.
             Succumbed to an adder's poison
             ... on level 2 of the Dungeon.
             The game lasted 00:01:47 (898 turns).

sanka the Insei (Vampire Transmuter)                 Turns: 898, Time: 00:01:48

Health: 0/25       AC:  2    Str:  9    XL:     3   Next: 14%
Magic:  5/6        EV: 12    Int: 15    God:
Gold:   50         SH:  0    Dex: 15    Spells: 5/6 levels left

rFire   . . .      SeeInvis +     - Unarmed
rCold   . . .      Faith    .   (no shield)
rNeg    . . .      Spirit   .   a - +0 robe
rPois   .          Reflect  .   (helmet currently unavailable)
rElec   .          Harm     .   (no cloak)
rCorr   .          Rampage  .   (no gloves)
Will    .....                   (boots currently unavailable)
Stlth   +.........              (no amulet)
HPRegen 0.28/turn               (no ring)
MPRegen 0.10/turn               (no ring)

@: lethally poisoned (0 -> -2), appendages, healing quickly
A: horns 2, talons 2, alive, fangs 3, see invisible, vampiric 2
a: Exsanguinate, End Transformation


You were on level 2 of the Dungeon.
You had temporarily grown beastly horns and talons.
You visited 1 branch of the dungeon, and saw 2 of its levels.

You collected 50 gold pieces.


Innate Abilities, Weirdness & Mutations

You have temporarily grown beastly horns and talons.
Your natural rate of healing is accelerated.
You have razor-sharp teeth.
You have supernaturally acute eyesight. (SInv)
You are afflicted with vampirism and can become a bat while bloodless.


   Skills:
 - Level 0.8 Fighting
 - Level 2.1 Dodging
 - Level 3.2 Unarmed Combat
 - Level 2.0 Spellcasting
 + Level 3.2 Transmutations
 + Level 1.6 Poison Magic


You had 5 spell levels left.
You knew the following spells:

 Your Spells              Type           Power      Damage    Failure   Level
z - Beastly Appendage     Tmut           22%        N/A       6%          1

Your spell library contained the following spells:

 Spells                   Type           Power      Damage    Failure   Level
 Wereblood                Tmut           11%        N/A       9%          2
 Passwall                 Tmut/Erth      5%         N/A       17%         2
 Sandblast                Erth           2%         2d4       22%         1
 Spider Form              Tmut/Pois      4%         N/A       24%         3
 Ice Form                 Ice/Tmut       6%         N/A       75%         4
 Lee's Rapid Deconstruct  Erth           0%         3d5*      99%         5

Inventory:

Armour
 a - a +0 robe (worn)
Scrolls
 b - a scroll of immolation {unknown}
 c - a scroll of teleportation {unknown}
 e - a scroll of blinking {unknown}
 f - a scroll of identify {unknown}

Dungeon Overview and Level Annotations

Branches:
Dungeon (2/15)

Altars:

▒..▒ ▒..▒▒.▒ ▒▒....▒
▒K.▒..▒ ▒r▒▒▒.r.▒ ▒K▒
▒..▒ ▒S▒ ▒... ▒S▒ ▒..▒
▒▒▒▒▒▒▒▒▒ ▒V▒▒▒▒▒ ▒.▒
▒.......▒ ▒.....▒ .▒
▒.▒▒▒▒▒.▒▒▒.....▒▒ ▒.▒
▒............ ▒.▒
▒▒▒▒▒.....▒▒▒▒
▒.▒▒▒▒▒▒▒▒▒.....▒▒.▒▒
▒.▒▒.....>.>........▒▒
▒.▒▒.▒.....▒▒▒▒▒.....▒▒▒
▒<▒▒.▒...†.............▒


You could see an adder, a quokka, a ball python and 2 kobolds.


Message History

The adder is moderately wounded.
The adder bites you.
* * * LOW HITPOINT WARNING * * *
Unknown command.
You hit the adder.
The adder is severely wounded.
The adder bites you.
* * * LOW HITPOINT WARNING * * *
The adder bites you.
* * * LOW HITPOINT WARNING * * *
You are lethally poisoned!
The adder poisons you!
You closely miss the adder. Your kick misses the adder.
Your headbutt misses the adder. Your bite misses the adder.
The adder is severely wounded.
* * * LOW HITPOINT WARNING * * *
You feel sick. The adder barely misses you.
You completely miss the adder. You claw the adder.
The adder is almost dead.
* * * LOW HITPOINT WARNING * * *
You feel sick. The adder barely misses you.
Unknown command.
You miss the adder.
The adder is almost dead.
You die...

Action                   || total
-------------------------++-------
Melee: Unarmed           ||    94
       Bite              ||    12
       Kick              ||     9
       Headbutt          ||     4
       Punch             ||     2
 Cast: Beastly Appendage ||    10
  Use: Potion            ||     1
 Stab: Sleeping          ||     1
Armor: Robe              ||    14
Dodge: Dodged            ||    60

Levels and vault maps discovered:
D:1:      wander_arrival_chamber, layout_rooms, basic_ecumenical_altar
D:2:      layout_loops_ring, basic_altar, minmay_vboxes

Notes
Turn   | Place    | Note
-------+----------+-------------------------------------------
     0 | D:1      | sanka the Vampire Transmuter began the quest for the Orb.
     0 | D:1      | Reached XP level 1. HP: 14/14 MP: 3/3
    92 | D:1      | Found a faded altar of an unknown god.
   189 | D:1      | Reached skill level 1 in Poison Magic
   189 | D:1      | Reached XP level 2. HP: 17/20 MP: 5/5
   359 | D:1      | Reached skill level 3 in Transmutations
   787 | D:2      | Gained mutation: You are afflicted with vampirism and can
                  | become a bat while bloodless. [Vampire growth]
   787 | D:2      | Reached XP level 3. HP: 24/25 MP: 6/6
   896 | D:2      | HP: 2/25 [poisoned by an adder]
   898 | D:2      | Succumbed to an adder's poison

Vanquished Creatures
  2 dart slugs
  An endoplasm (D:2)
  2 giant cockroaches (D:2)
  4 goblins (D:1)
  3 hobgoblins
  4 jackals (D:1)
  5 kobolds (D:1)
  2 ball pythons (D:1)
  A bat (D:2)
  A frilled lizard (D:1)
  A rat (D:1)
26 creatures vanquished.
